 Dungeon Crawl Stone Soup version 0.31-a0-369-g8eba5f6939 (webtiles) character file.

Game seed: 174897132488963083

14 vineage the Trooper (level 2, -5/20 HPs)
             Began as a Gargoyle Fighter on July 28, 2023.
             Killed by divine providence
             ... invoked by an orc priest
              (13 damage)
             ... on level 2 of the Dungeon.
             The game lasted 00:00:42 (982 turns).

vineage the Trooper (Gargoyle Fighter)               Turns: 982, Time: 00:00:42

Health: -5/20      AC: 12    Str: 19    XL:     2   Next: 41%
Magic:  2/2        EV:  9    Int:  8    God:
Gold:   26         SH:  4    Dex:  9    Spells: 1/1 levels left

rFire   . . .        a - +0 flail
rCold   . . .        c - +0 buckler
rNeg    + . .        b - +0 scale mail
rPois   ∞            (no helmet)
rElec   +            (no cloak)
rCorr   .            (no gloves)
SInv    .            g - +2 pair of boots
Will    .....        (no amulet) Stlth
                     (no ring)
HPRegen 0.23/turn    (no ring)
MPRegen 0.08/turn

%: no passive effects
@: no status effects
A: sickness immunity, AC +2, negative energy resistance 1, electricity
resistance, torment resistance 1, petrification resistance
a: no special abilities


You were on level 2 of the Dungeon.
You visited 1 branch of the dungeon, and saw 2 of its levels.

You collected 26 gold pieces.

Inventory:

Hand Weapons
 a - a +0 flail (weapon)
Armour
 b - a +0 scale mail (worn)
 c - a +0 buckler (worn)
 g - a +2 pair of boots (worn)
Scrolls
 e - a scroll of poison
 f - a scroll of identify
Potions
 d - a potion of might
 h - a potion of curing {unknown}
 i - a potion of degeneration {unknown}


   Skills:
 + Level 4.1 Fighting
 - Level 2.0 Maces & Flails
 - Level 3.2 Armour
 - Level 3.2 Shields


You had one spell level left.
You didn't know any spells.
Your spell library contained the following spells:

 Spells                   Type           Power      Damage    Failure   Level
 Summon Guardian Golem    Hex/Summ       0%         N/A       99%         3
 Orb of Destruction       Conj           0%         9d5       100%        7
 Spellforged Servitor     Conj/Summ      0%         N/A       100%        7


Dungeon Overview and Level Annotations

Branches:
Dungeon (2/15)

Altars:

Shops:
D:1 :=


Innate Abilities, Weirdness & Mutations

You are immune to sickness and miasma.
Your stone body is resilient. (AC +2)
You are immune to poison.
You resist negative energy. (rN+)
You are resistant to electric shocks. (rElec)
You are resistant to unholy torment.
You are immune to petrification.


Message History

A jackal comes into view. x2
An orc comes into view. It is wielding a +0 dagger.
An orc priest comes into view. It is wielding a +0 trident.
The orc wizard gestures wildly while chanting.
The orc wizard flickers and vanishes!
Deactivating autopickup; reactivate with Ctrl-A.
The jackal barks! x2
You block the jackal's attack. x2
The jackal bites you.
A bat comes into view.
You block the jackal's attack.
You closely miss the jackal. You block the jackal's attack.
The jackal bites you but does no damage.
You hit the jackal.
You kill the jackal!
The orc priest looks encouraged for a moment.
You closely miss the orc. The orc closely misses you.
You hit the orc.
The orc is moderately wounded.
The orc hits you but does no damage. The orc barely misses you.
You sock the orc!
You kill the orc!
The jackal bites you.
You hit the jackal.
The jackal is heavily wounded.
The jackal completely misses you.
The orc priest mumbles some strange prayers to Beogh against you.
Beogh smites you!
Ouch! That really hurt!
* * * LOW HITPOINT WARNING * * *
The jackal bites you but does no damage.
The jackal attacks as you move away!
The jackal bites you but does no damage.
The jackal bites you but does no damage.
The jackal attacks as you move away! The jackal barely misses you.
You block the jackal's attack.
The orc priest calls down the wrath of Beogh upon you.
Beogh smites you!
Ouch! That really hurt!
You die...

............."..#
####.....{...##.#
..##.#..ooo.....#
#.##.#.##)#######
##.##.#.##o#
..##...o..#
#.####.####
#..#.##.####.#
#......@hh..o#
##.####.######
#.# ..# ####


You could see an orc priest and 2 jackals.

Vanquished Creatures
  A dart slug (D:1)
  An orc (D:2)
  2 hobgoblins (D:1)
  A jackal (D:2)
  A kobold (D:1)
  2 ball pythons (D:1)
  A frilled lizard (D:1)
  A goblin (D:1)
10 creatures vanquished.

Notes
Turn   | Place    | Note
-------+----------+-------------------------------------------
     0 | D:1      | vineage the Gargoyle Fighter began the quest for the Orb.
     0 | D:1      | Reached XP level 1. HP: 14/14 MP: 1/1
    80 | D:1      | Found Axuturr's Jewellery Shop.
   202 | D:1      | Reached skill level 4 in Fighting
   202 | D:1      | Reached XP level 2. HP: 20/20 MP: 2/2
   609 | D:1      | Found Duqeh's Book Boutique.
   960 | D:2      | Found the Hermit's Pendant {Faith Invo=14 Evo=0 MP+5}
   982 | D:2      | Killed from afar by an orc priest

Illustrated notes

Levels and vault maps discovered:
D:1:      giann_horns, layout_basic, serial_shops, shop, nicolae_shop_stone
D:2:      layout_loops_cross, shapermc_ecumenical_altar_petra

Skill      XL: |  1 |
---------------+----+-----
Fighting       | 4 |  4.1
Maces & Flails | |  2.0
Armour         | |  3.2
Shields        | |  3.2

Action                     || total
---------------------------++-------
  Melee: Flail             ||    35
    Use: Scroll            ||     1
 Armour: Scale mail        ||    19
  Dodge: Dodged            ||    16
  Block: Buckler           ||    10

Table legend: (Time is in decaauts)
 A = Elapsed time spent in this place.
 B = Non-inter-level travel time spent in this place.
 C = Inter-level travel time spent in this place.
 D = Time resting spent in this place.
 E = Time spent auto-exploring this place.
 F = Levels seen in this place.
 G = Mean time per level.
                   A        B        C        D        E       F      G
               +--------+--------+--------+--------+--------+-----+--------+
         Total |    993 |    909 |     84 |      0 |    799 |   2 |  496.5 |
       Dungeon |    993 |    909 |     84 |      0 |    799 |   2 |  496.5 |
               +--------+--------+--------+--------+--------+-----+--------+

Top non-repeatable levels by time:
     D:1: 956 daAuts
     D:2: 37 daAuts
